 Dungeon Crawl Stone Soup version 0.26.0-57-g60708a5e39 (webtiles) character file.

Game seed: 16262229197811313349

1788 Gadfly the Torchbearer (level 9, 0/62 (68) HPs)
             Began as a Formicid Fighter on Feb 1, 2021.
             Was a Follower of Yredelemnul.
             Slain by a wight
             ... wielding a +3 great sword
              (16 damage)
             ... on level 5 of the Dungeon.
             The game lasted 00:07:32 (6193 turns).

Gadfly the Torchbearer (Formicid Fighter)           Turns: 6193, Time: 00:07:32

HP:   0/62 (68)     AC:  8    Str: 25    XL:     9   Next: 29%
MP:   13/13         EV:  8    Int:  7    God:    Yredelemnul [*.....]
Gold: 375           SH:  0    Dex: 10    Spells: 8/8 levels left

rFire    . . .     SeeInvis +   a - +2 trident (venom)
rCold    . . .     Faith    .   c - +0 kite shield
rNeg     . . .     Spirit   .   j - +0 scale mail
rPois    .         Reflect  .   (helmet unavailable)
rElec    .         Harm     .   (no cloak)
rCorr    .         Rampage  .   (no gloves)
Will     .....                  i - +0 pair of boots
Stlth    ..........             (no amulet)
HPRegen  0.20/turn              (no ring)
MPRegen  0.13/turn              (no ring)

@: confused, drained
A: permanent stasis, dig shafts and tunnels, four strong arms, antennae 3
a: Dig, Shaft Self, Renounce Religion, Animate Remains


You were on level 5 of the Dungeon.
You worshipped Yredelemnul.
Yredelemnul was aware of your devotion.
You visited 1 branch of the dungeon, and saw 6 of its levels.

You collected 430 gold pieces.
You spent 55 gold pieces at shops.

Inventory:

Hand Weapons
 a - a +2 trident of venom (weapon)
 b - a +1 trident
Armour
 c - a +0 kite shield (worn)
 i - a +0 pair of boots (worn)
 j - a +0 scale mail (worn)
Wands
 n - a wand of polymorph (11)
 r - a wand of digging (4)
 s - a wand of disintegration (13) (quivered)
Scrolls
 f - 6 scrolls of remove curse
 h - 4 scrolls of enchant weapon
 k - 2 scrolls of magic mapping
 u - a scroll of fog
Potions
 d - 3 potions of might
 g - 2 potions of ambrosia
 l - a potion of cancellation
 m - 2 potions of curing
 o - 3 potions of flight
 p - a potion of invisibility {unknown}
 q - a potion of attraction {unknown}


   Skills:
 + Level 5.2 Fighting
 * Level 5.6 Polearms
 + Level 5.2 Armour
 + Level 5.7 Shields
 * Level 6.3 Invocations
 * Level 5.7 Evocations


You had 8 spell levels left.
You didn't know any spells.
Your spell library was empty.

Dungeon Overview and Level Annotations

Branches:
Dungeon (6/15)
 Temple: D:4-7

Altars:
Dithmenos
Okawaru
Trog
Xom
Yredelemnul

Shops:
D:4 !


Innate Abilities, Weirdness & Mutations

You cannot be hasted, slowed, berserked, paralysed or teleported.
You can dig through walls and to a lower floor.
Your four strong arms can wield two-handed weapons with a shield.
You have a pair of large antennae on your head. (SInv)


Message History

The wight is moderately damaged.
The wight hits you with a +3 great sword!
You feel drained.
The wight hits you with a cursed +0 battleaxe!
* * * LOW HITPOINT WARNING * * *
You feel drained.
* * * LOW HITPOINT WARNING * * *
You are too injured to fight recklessly!
Unknown command.
Unknown command.
You are too injured to fight recklessly!
You are too injured to fight recklessly!
Unknown command.
Okay, then.
Okay, then.
You are confused.
You feel invigorated.
The wight hits you with a +3 great sword!
You die...
Your body rises from the dead as a mindless zombie.

####### #.#.#.#### #.#
#.#...# #.### #.#...#
#.((# #.#...# ###(#
#.##.## #)# ### #.##.#
#[#####.## #.##.#
#......#.# #.##.#
#############.##
#.##.###@z...# ##.##
#.##..##z###.######.#.###
#........#.........###...
#####.##.#.#.######.#.###
#.##.....# ##.##
#.##.#.### #.# #.##.#.#
#.# #.##.#.# #.###
#.##.#.## #...#


You could see 2 wights.

Vanquished Creatures
  6 yaks (D:5)
  A sky beast (D:3)
  An ogre (D:5)
  A centaur (D:5)
  A bullfrog skeleton (D:5)
  An orc priest (D:5)
  3 hounds
  Natasha (thrice) (D:2)
  An iguana (D:5)
  2 orc wizards
  5 worker ants (D:4)
  A hound skeleton (D:4)
  A worker ant zombie (D:5)
  A gnoll (D:5)
  10 adders
  An ufetubus (D:5)
  3 oozes
  3 worms
  A dart slug (D:1)
  3 leopard geckos
  17 orcs
  6 giant cockroaches
  5 goblins
  6 hobgoblins
  2 jackals (D:3)
  3 quokkas
  2 ball pythons
  7 bats
  8 frilled lizards
  6 kobolds
  A quokka zombie (D:5)
  11 rats
123 creatures vanquished.

Notes
Turn   | Place    | Note
-------+----------+-------------------------------------------
     0 | D:1      | Gadfly the Formicid Fighter began the quest for the Orb.
     0 | D:1      | Reached XP level 1. HP: 18/18 MP: 1/1
   284 | D:1      | Reached XP level 2. HP: 24/24 MP: 2/2
   491 | D:1      | Reached skill level 1 in Invocations
   560 | D:1      | Reached skill level 1 in Evocations
   687 | D:1      | Reached XP level 3. HP: 29/29 MP: 3/3
  1434 | D:2      | Found a shadowy altar of Dithmenos.
  1537 | D:2      | Reached XP level 4. HP: 28/35 MP: 5/5
  1612 | D:2      | Noticed Natasha
  1624 | D:2      | Killed Natasha
  1625 | D:2      | Reached skill level 2 in Invocations
  1974 | D:2      | Noticed Natasha
  2003 | D:2      | Killed Natasha
  2004 | D:2      | Reached XP level 5. HP: 10/42 MP: 6/6
  2015 | D:2      | Noticed Natasha
  2036 | D:2      | Killed Natasha
  2803 | D:3      | Reached XP level 6. HP: 48/48 MP: 8/8
  2835 | D:3      | Reached skill level 3 in Invocations
  2984 | D:3      | Noticed a sky beast
  2993 | D:3      | Killed a sky beast
  3551 | D:4      | Found Nofe's Distillery.
  3559 | D:4      | Bought a potion of heal wounds for 55 gold pieces
  3696 | D:4      | Reached XP level 7. HP: 54/54 MP: 9/9
  3983 | D:4      | Found a basalt altar of Yredelemnul.
  3983 | D:4      | Found a shimmering altar of Xom.
  3991 | D:4      | Found Walets's Gadget Shoppe.
  4012 | D:4      | Became a worshipper of Yredelemnul the Dark
  4286 | D:4      | Reached skill level 4 in Invocations
  4703 | D:5      | Entered Level 5 of the Dungeon
  4880 | D:5      | Noticed a yak
  4880 | D:5      | Noticed a yak
  4880 | D:5      | Noticed a yak
  4881 | D:5      | Noticed a yak
  4882 | D:5      | Noticed a yak
  4884 | D:5      | Noticed a yak
  4891 | D:5      | Killed a yak
  4911 | D:5      | Killed a yak
  4912 | D:5      | Reached XP level 8. HP: 41/61 MP: 11/11
  4914 | D:5      | Killed a yak
  4915 | D:5      | Reached skill level 5 in Shields
  4915 | D:5      | Reached skill level 5 in Invocations
  4918 | D:5      | Killed a yak
  4923 | D:5      | Killed a yak
  4924 | D:5      | Reached skill level 5 in Polearms
  4924 | D:5      | Reached skill level 5 in Evocations
  4926 | D:5      | Killed a yak
  4926 | D:5      | Reached * piety under Yredelemnul
  4927 | D:5      | Reached skill level 5 in Fighting
  4927 | D:5      | Reached skill level 5 in Armour
  4927 | D:5      | Reached XP level 9. HP: 39/68 MP: 11/13
  5393 | D:5      | Reached skill level 6 in Invocations
  5714 | D:5      | Found a bloodstained altar of Trog.
  6009 | D:5      | Found an iron altar of Okawaru.
  6193 | D:5      | Slain by a wight

Illustrated notes

Levels and vault maps discovered:
D:1:      dpeg_arrival_simpleton_b, layout_loops_corners, eino_curves_01
D:2:      layout_rooms, old_standard_altar, uniq_natasha
D:3:      layout_loops_cross
D:4:      layout_basic, gammafunk_temple_overflow_elements, serial_shops, shop,
          shop
D:5:      layout_loops_ring, grunt_temple_overflow_bloody_war,
          eino_small_chamber_without_monster
D:6:      minmay_clustersquares, layout_gridville, nzn_wu_jian_contemplation,
          minmay_temple_entry_offerings, uniq_duvessa

Skill      XL: |  1  2  3  4  5  6  7  8  9 |
---------------+----------------------------+-----
Invocations    | 1 2 3 4 5 6 |  6.3
Evocations     | 1 2 3 4 5 |  5.7
Shields        | 4 5 |  5.7
Polearms       | 3 4 5 |  5.6
Fighting       | 4 5 |  5.2
Armour         | 4 5 |  5.2

Action                   |  1- 3 |  4- 6 |  7- 9 || total
-------------------------+-------+-------+-------++-------
Melee: Trident           |   103 |       |   123 ||   226
       Dagger            |    27 |   150 |    61 ||   238
       Unarmed           |       |    26 |       ||    26
Evoke: Wand              |       |       |     3 ||     3
  Use: Scroll            |     3 |    10 |     2 ||    15
       Potion            |       |     1 |     5 ||     6
Armor: Scale mail        |    46 |    45 |    43 ||   134
       Skin              |       |       |     9 ||     9
Dodge: Dodged            |    23 |    57 |    35 ||   115
Block: Kite shield       |    61 |    72 |    81 ||   214
